 Dungeon Crawl Stone Soup version 0.21-a0-538-gd16b88a (webtiles) character file.

44196 tidbits the Martial Artist (level 14, -9/108 HPs)
             Began as a Gnoll Transmuter on Dec 15, 2017.
             Was the Champion of Cheibriados.
             Drowned by a drowned soul (17 damage)
             ... summoned by a merfolk avatar
             ... on level 2 of the Shoals.
             The game lasted 01:24:05 (6883 turns).

tidbits the Martial Artist (Gnoll Transmuter)       Turns: 6883, Time: 01:24:06

Health: -9/108     AC: 17    Str: 30    XL:     14   Next: 27%
Magic:  26/28      EV: 23    Int: 34    God:    Cheibriados [******]
Gold:   367        SH:  0    Dex: 30    Spells: 4/33 levels left

rFire    . . .     SeeInvis .   a - +2 hand axe (elec)
rCold    + . .     Gourm    .   (no shield)
rNeg     . . .     Faith    .   B - +1 troll leather armour
rPois    +         Spirit   .   (no helmet)
rElec    .         Reflect  .   C - +2 cloak
rCorr    .         Harm     .   G - +2 pair of gloves
MR       ++...                  (no boots)
Stlth    +++.......             D - amulet of regeneration
HPRegen  1.08/turn              Z - ring of protection from cold
MPRegen  0.21/turn              P - ring of poison resistance

@: lethally poisoned (-9 -> -9), engulfed (cannot breathe), mesmerised, very
slow
A: distributed training, fangs 1, slimy green scales 1, magic resistance 1,
shaggy fur 2, strong nose
a: Bend Time, Temporal Distortion, Slouch, Step From Time, Renounce Religion


You were on level 2 of the Shoals.
You worshipped Cheibriados.
Cheibriados was exalted by your worship.
You were not hungry.

You visited 5 branches of the dungeon, and saw 22 of its levels.
You also visited: Ossuary and Ice Cave.

You collected 1543 gold pieces.
You spent 1176 gold pieces at shops.

Inventory:

Hand Weapons
 a - a +2 hand axe of electrocution (weapon)
   (You took it off an orc on level 1 of the Orcish Mines)
 s - a +2 dagger of venom
   (You took it off a goblin on level 3 of the Dungeon)
 u - a +0 longbow
 H - a +0 short sword of distortion
   (You took it off Sonja on level 2 of the Orcish Mines)
 M - a +8 eveningstar
 R - a +0 blowgun
Missiles
 m - a throwing net (quivered) {!f}
 J - 108 arrows
 N - 6 javelins
 V - 9 curare-tipped needles
Armour
 B - a +1 troll leather armour (worn)
 C - a +2 cloak (worn)
 G - a +2 pair of gloves (worn)
Magical Staves
 e - an uncursed staff of energy {!a}
   (You found it on level 3 of the Shoals)
Jewellery
 b - the amulet "Teirrum" {Spirit -Tele MR+ Str+3 Int+6}
   (You found it in an ossuary)

   [amulet of guardian spirit]

   It causes incoming damage to be split between your health and magic.
   It affects your strength (+3).
   It affects your intelligence (+6).
   It affects your resistance to hostile enchantments.
   It prevents most forms of teleportation.
 D - an amulet of regeneration (around neck)
   (You found it on level 1 of the Dungeon)
 P - a ring of poison resistance (right hand)
   (You found it on level 2 of the Shoals)
 U - an uncursed ring of fire
   (You found it on level 7 of the Dungeon)
 Z - a ring of protection from cold (left hand)
   (You found it in an ice cave)
Wands
 c - a wand of disintegration (32)
 h - a wand of clouds (9)
 j - a wand of polymorph (33)
 y - a wand of digging (15)
 T - a wand of enslavement (24)
 W - a wand of iceblast (6)
 X - a wand of acid (7)
 Y - a wand of paralysis (60)
Scrolls
 g - 3 scrolls of teleportation
 i - a scroll of identify
 k - a scroll of amnesia
 p - 4 scrolls of fog
 r - 7 scrolls of remove curse
 x - 3 scrolls of blinking
 L - 3 scrolls of immolation
 O - 2 scrolls of vulnerability
 S - 2 scrolls of magic mapping
Potions
 f - 7 potions of curing
 n - 3 potions of lignification
 o - a potion of magic
 q - 4 potions of flight
 t - a potion of agility
 v - 4 potions of brilliance
 w - 2 potions of cancellation
 z - a potion of mutation {!q}
 A - 2 potions of resistance
 Q - a potion of invisibility
Books
 E - a book of Geomancy
   (You found it on level 8 of the Dungeon)

   Spells                             Type                      Level
   a - Sandblast                      Earth                        1
   b - Passwall                       Transmutation/Earth          2
   c - Stone Arrow                    Conjuration/Earth            3
   d - Petrify                        Transmutation/Earth          4
   e - Lee's Rapid Deconstruction     Earth                        5
 I - a book of Flames
   (You found it on level 2 of the Shoals)

   Spells                             Type                      Level
   a - Flame Tongue                   Conjuration/Fire             1
   b - Throw Flame                    Conjuration/Fire             2
   c - Conjure Flame                  Conjuration/Fire             3
   d - Inner Flame                    Hexes/Fire                   3
   e - Sticky Flame                   Conjuration/Fire             4
   f - Fireball                       Conjuration/Fire             5
Miscellaneous
 K - a fan of gales
Comestibles
 d - 4 bread rations
 F - 5 meat rations


   Skills:
 + Level 9.3 Fighting
 + Level 8.9 Short Blades
 + Level 8.9 Long Blades
 + Level 8.9 Axes
 + Level 8.9 Maces & Flails
 + Level 8.9 Polearms
 + Level 8.9 Staves
 + Level 10.6 Slings
 + Level 8.9 Bows
 + Level 8.9 Crossbows
 + Level 8.9 Throwing
 + Level 8.9 Armour
 + Level 10.0 Dodging
 + Level 8.9 Stealth
 + Level 8.9 Shields
 + Level 10.9 Unarmed Combat
 + Level 10.2 Spellcasting
 + Level 7.4 Conjurations
 + Level 7.4 Hexes
 + Level 7.4 Charms
 + Level 7.4 Summonings
 + Level 7.4 Necromancy
 + Level 7.4 Translocations
 + Level 8.4 Transmutations
 + Level 7.4 Fire Magic
 + Level 7.4 Ice Magic
 + Level 7.4 Air Magic
 + Level 7.4 Earth Magic
 + Level 7.4 Poison Magic
 + Level 9.7 Invocations
 + Level 8.9 Evocations


You had 4 spell levels left.
You knew the following spells:

 Your Spells              Type           Power        Failure   Level  Hunger
d - Dazzling Spray        Conj/Hex       ######       1%          3    None
h - Blade Hands           Tmut           ######....   2%          5    ##.....
i - Ice Form              Ice/Tmut       ######..     1%          4    None
k - Sticks to Snakes      Tmut           ######..     1%          2    None
l - Lee's Rapid Deconstr  Erth           ######....   3%          5    ##.....
p - Petrify               Tmut/Erth      ######..     1%          4    None
w - Passwall              Tmut/Erth      ######....   1%          2    None
L - Summon Lightning Spi  Summ/Air       ######..     1%          4    None


Dungeon Overview and Level Annotations

Branches:
Dungeon (12/15)            Temple (1/1) D:4            Lair (4/6) D:8
 Shoals (3/4) Lair:3        Snake (0/4) Lair:2          Orc (2/2) D:12
    Elf (0/3) Orc:2

Altars:
Cheibriados
Dithmenos
Elyvilon
Fedhas
Gozag
Hepliaklqana
Kikubaaqudgha
Makhleb
Nemelex Xobeh
Okawaru
Ru
Sif Muna
Trog
Uskayaw
Vehumet
Wu Jian
Xom
The Shining One
Beogh

Shops:
D:4 :   Orc:2 }(}!


Innate Abilities, Weirdness & Mutations

Your experience applies equally to all skills.
You have very sharp teeth.
Your uncanny sense of smell can sniff out nearby items.
You are partially covered in slimy green scales. (AC +2)
You are resistant to hostile enchantments. (MR+)
You are covered in thick fur. (AC +2)


Message History

You feel sick. The water elemental barely misses you.
The merfolk hits you from afar with a trident.
The water elemental completely misses you.
You barely miss the water elemental.
You feel sick.
The merfolk avatar shouts!
The merfolk barely misses you.
You shred the water elemental!!!
You destroy the water elemental!
Cheibriados appreciates the change of pace.
The merfolk avatar chants a haunting song.
You resist with almost no effort.
The merfolk hits you from afar with a trident!
Casting: Blade Hands
Confirm with . or Enter, or press ? or * to list all spells.
Aiming: Summon Lightning Spire
Press: ? - help, Dir - move target cursor An electric hum fills the air.
You feel sick.
Shadowy forms rise from the deep at the merfolk avatar's song!
The merfolk barely misses you.
You feel sick. The merfolk hits you with a trident.
The merfolk avatar chants a haunting song.
You are mesmerised by the merfolk avatar!
Your lightning spire shoots out a bolt of lightning at the merfolk avatar!
The bolt of electricity hits the merfolk avatar.
You slice the merfolk!! Your slash misses the merfolk.
The merfolk is heavily wounded.
You feel sick. The merfolk completely misses you.
The merfolk avatar chants its luring song.
You slice the merfolk!!
You kill the merfolk!
Cheibriados thoroughly appreciates the change of pace.
You hear a splash.
The pull of its song draws you forwards.
You enter the shallow water.
Moving in this stuff is going to be slow.
Your lightning spire shoots out a bolt of lightning at the merfolk avatar!
The bolt of electricity hits the merfolk avatar.
The drowned soul touches you. The drowned soul drowns you!
* * * LOW HITPOINT WARNING * * *
The merfolk avatar chants its luring song.
A water elemental comes into view.
Unknown command.
You feel sick.
The merfolk avatar chants its luring song.
The drowned soul touches you. The drowned soul drowns you!
* * * LOW HITPOINT WARNING * * *
Unknown command.
Evoke which item? (* to show all) (? for menu, Esc to quit)
Okay, then.
Your hands revert to their normal proportions.
Your +2 hand axe of electrocution unmelds from your body.
Your +2 pair of gloves unmelds from your body.
You hear the crackle of electricity.
Your lightning spire shoots out a bolt of lightning at the merfolk avatar!
The bolt of electricity hits the water elemental.
The water elemental resists.
The bolt of electricity hits the merfolk avatar.
The merfolk avatar chants its luring song.
Evoke which item? (* to show all) (? for menu, Esc to quit)
Aiming: Corrosive Bolt
Press: ? - help, Shift-Dir - straight line, f - merfolk avatar
Aim: a merfolk avatar (water, heavily wounded, mesmerising)
The bolt of acid misses the merfolk avatar.
You feel sick. The water elemental hits you.
Your lightning spire shoots out a bolt of lightning at the merfolk avatar!
The bolt of electricity misses the water elemental.
The bolt of electricity hits the merfolk avatar.
The drowned soul touches you. The drowned soul drowns you!
* * * LOW HITPOINT WARNING * * *
Evoke which item? (* to show all) (? for menu, Esc to quit)
Aiming: Throw Flame
Press: ? - help, Shift-Dir - straight line, f/p - merfolk avatar
Aim: a merfolk avatar (heavily wounded, mesmerising)
The puff of flame misses the merfolk avatar.
The pull of its song draws you forwards.
You enter the shallow water.
Moving in this stuff is going to be slow.
The merfolk avatar is engulfed in a cloud of scalding steam.
The merfolk avatar chants its luring song.
The water elemental hits you.
The water elemental engulfs you in water!
Found 20 gold pieces.
Unknown command.
Unknown command.
Evoke which item? (* to show all) (? for menu, Esc to quit)
Aiming: Throw Flame
Press: ? - help, Shift-Dir - straight line, f/p - merfolk avatar
Aim: a merfolk avatar (steam, heavily wounded, mesmerising)
The puff of flame misses the merfolk avatar.
The now-empty wand crumbles to dust.
You are engulfed in a cloud of scalding steam.
* * * LOW HITPOINT WARNING * * *
x2 Your lungs strain for air!
You feel sick.
The merfolk avatar is engulfed in a cloud of scalding steam.
The water elemental hits you!
* * * LOW HITPOINT WARNING * * *
The merfolk avatar chants its luring song.
The drowned soul touches you. The drowned soul drowns you!
You die...

.≈ .$.≈≈≈≈≈≈≈ .≈.
#.≈≈≈≈≈≈≈≈≈≈ ≈.....
≈≈≈###≈≈≈≈≈≈≈≈≈≈≈≈≈....≈
≈≈≈≈≈≈≈≈≈≈≈≈≈≈≈≈.≈≈.....
≈≈≈≈≈≈≈≈≈≈≈≈≈≈≈≈≈≈≈.....
≈≈≈≈≈W≈≈≈W≈≈≈≈≈≈≈≈...(..
≈≈≈≈≈W§≈≈≈≈≈≈≈.≈≈...#...
≈≈≈≈≈≈m@.≈≈≈........#...
≈≈≈≈...E.≈≈)..≈≈.....>..
≈≈≈....≈≈..P≈≈≈≈.<.....≈
≈≈...#.8...≈≈≈≈....≈≈..≈
≈≈≈.....P###.≈≈...≈≈≈...
≈≈≈.......##....≈≈≈≈≈..†
≈≈≈≈≈≈≈..P...≈.≈≈≈≈≈≈..#
≈≈P≈≈≈≈PP≈......≈≈≈≈≈≈.#
≈≈≈≈≈≈≈≈P≈......≈≈≈≈≈≈.


You could see a merfolk avatar, a water elemental, 3 drowned souls and a
friendly lightning spire.

Vanquished Creatures
  The ghost of Amnesiac the Thaumaturge, a journeyman GnEE of Ashenzari (D:12)
  2 merfolk impalers
  An ettin (Orc:1)
  A hydra (Lair:3)
  4 ogre magi (Orc:2)
  2 merfolk avatars
  6 two-headed ogres
  A death yak (Lair:3)
  Urug (Lair:3)
  Nergalle (Lair:3)
  Sonja (Orc:2)
  An unseen horror (D:10)
  2 sea snakes (Shoals:2)
  A harpy (Shoals:3)
  3 orc knights
  Pikel (D:6)
  3 ugly things
  A cyclops (D:12)
  6 orc sorcerers (Orc:2)
  3 fauns (Shoals:2)
  A deep elf mage (D:12)
  2 manticores
  A moth of wrath (D:8)
  Maurice (Orc:2)
  A torpor snail (Lair:3)
  2 merfolk sirens
  2 ice statues (IceCv)
  2 water nymphs
  A gargoyle (D:12)
  A komodo dragon (Lair:3)
  3 merfolk
  2 wind drakes
  5 trolls
  Prince Ribbit (D:8)
  Grinder (D:6)
  A hornet (D:10)
  3 hippogriffs
  2 snapping turtles (Shoals:1)
  14 yaks
  3 water elementals
  A wyvern (D:9)
  Eustachio (D:6)
  3 vampire mosquitoes
  Grum (D:10)
  A hungry ghost (D:10)
  6 wargs (Orc:2)
  A naga (Lair:2)
  Duvessa (D:4)
  An acid dragon (D:12)
  4 sky beasts
  11 orc warriors
  10 ice beasts
  A slave (D:6)
  An eye of draining (D:11)
  6 ogres
  2 phantoms (D:8)
  A centaur (D:11)
  A necrophage (D:10)
  7 wolves
  5 crocodiles
  3 big kobolds
  6 bullfrogs
  Dowan (D:4)
  9 scorpions (Ossuary)
  A killer bee (D:9)
  8 wights
  An electric eel (Lair:3)
  4 howler monkeys (D:9)
  4 crimson imps
  3 centaur zombies
  5 bullfrog zombies
  4 hounds
  2 human zombies (Ossuary)
  4 jellies
  A centaur skeleton (D:10)
  3 bullfrog skeletons
  12 orc priests
  28 orc wizards
  2 iguanas (D:11)
  8 worker ants
  A big kobold zombie (Ossuary)
  A hound zombie (D:6)
  A hound skeleton (D:10)
  4 mummies
  A worker ant zombie (D:9)
  5 adders
  7 scorpion zombies (Ossuary)
  4 shadow imps
  An ooze (D:3)
  6 leopard geckos
  55 orcs
  A goblin (D:3)
  6 hobgoblins
  2 jackals (D:1)
  20 kobolds
  4 bats (D:3)
  A frilled lizard (D:2)
  5 hobgoblin zombies (Ossuary)
  A kobold zombie (Ossuary)
  A leopard gecko skeleton (D:4)
  An orc zombie (Ossuary)
  A quokka skeleton (D:8)
  10 rats
404 creatures vanquished.

Vanquished Creatures (collateral kills)
  A satyr (Shoals:2)
  A tengu warrior (D:12)
  2 harpies (Shoals:3)
  A manticore (Shoals:2)
  A water nymph (Shoals:3)
  A tengu conjurer (D:12)
  A merfolk (Shoals:3)
  An ogre (Orc:2)
  A crocodile (Lair:3)
  2 bullfrogs (Lair:3)
  3 orc wizards (Orc:2)
  A scorpion zombie (Ossuary)
  An orc (Orc:2)
17 creatures vanquished.

Vanquished Creatures (others)
  An orc (Orc:2)
  A kobold (D:10)
  A fungus (Lair:3)
3 creatures vanquished.

Grand Total: 424 creatures vanquished

Notes
Turn   | Place    | Note
-------+----------+-------------------------------------------
     0 | D:1      | tidbits the Gnoll Transmuter began the quest for the Orb.
     0 | D:1      | Reached XP level 1. HP: 17/17 MP: 6/6
    58 | D:3      | Reached XP level 2. HP: 9/23 MP: 5/7
    99 | D:1      | Learned a level 2 spell: Sticks to Snakes
   388 | D:2      | Reached XP level 3. HP: 18/28 MP: 7/9
   393 | D:2      | Learned a level 3 spell: Spider Form
   417 | D:2      | Reached skill level 5 in Spellcasting
   567 | D:4      | Found a staircase to the Ecumenical Temple.
   576 | Temple   | Entered the Ecumenical Temple
   656 | Temple   | Became a worshipper of Cheibriados the Contemplative
   825 | D:4      | Reached skill level 1 in Invocations
   832 | D:4      | Reached skill level 1 in Short Blades
   832 | D:4      | Reached skill level 1 in Long Blades
   832 | D:4      | Reached skill level 1 in Axes
   832 | D:4      | Reached skill level 1 in Maces & Flails
   832 | D:4      | Reached skill level 1 in Polearms
   832 | D:4      | Reached skill level 1 in Staves
   832 | D:4      | Reached skill level 1 in Slings
   832 | D:4      | Reached skill level 1 in Bows
   832 | D:4      | Reached skill level 1 in Crossbows
   832 | D:4      | Reached skill level 1 in Throwing
   832 | D:4      | Reached skill level 1 in Armour
   832 | D:4      | Reached skill level 1 in Stealth
   832 | D:4      | Reached skill level 1 in Shields
   832 | D:4      | Reached skill level 1 in Evocations
   832 | D:4      | Reached XP level 4. HP: 26/34 MP: 9/11
   837 | D:4      | Reached skill level 1 in Conjurations
   837 | D:4      | Reached skill level 1 in Hexes
   837 | D:4      | Reached skill level 1 in Charms
   837 | D:4      | Reached skill level 1 in Summonings
   837 | D:4      | Reached skill level 1 in Necromancy
   837 | D:4      | Reached skill level 1 in Translocations
   837 | D:4      | Reached skill level 1 in Fire Magic
   837 | D:4      | Reached skill level 1 in Ice Magic
   837 | D:4      | Reached skill level 1 in Air Magic
   837 | D:4      | Reached skill level 1 in Earth Magic
   837 | D:4      | Reached skill level 1 in Poison Magic
   856 | D:4      | Found a sand-covered staircase.
   872 | Ossuary  | Entered an ossuary
   888 | Ossuary  | Reached XP level 5. HP: 40/40 MP: 8/12
   911 | Ossuary  | Reached skill level 3 in Fighting
   911 | Ossuary  | Reached skill level 4 in Transmutations
   928 | Ossuary  | Reached skill level 2 in Invocations
   928 | Ossuary  | Reached XP level 6. HP: 16/47 MP: 8/13
   976 | Ossuary  | Reached skill level 5 in Dodging
   988 | Ossuary  | Reached skill level 2 in Short Blades
   988 | Ossuary  | Reached skill level 2 in Long Blades
   988 | Ossuary  | Reached skill level 2 in Axes
   988 | Ossuary  | Reached skill level 2 in Maces & Flails
   988 | Ossuary  | Reached skill level 2 in Polearms
   988 | Ossuary  | Reached skill level 2 in Staves
   988 | Ossuary  | Reached skill level 2 in Slings
   988 | Ossuary  | Reached skill level 2 in Bows
   988 | Ossuary  | Reached skill level 2 in Crossbows
   988 | Ossuary  | Reached skill level 2 in Throwing
   988 | Ossuary  | Reached skill level 2 in Armour
   988 | Ossuary  | Reached skill level 2 in Stealth
   988 | Ossuary  | Reached skill level 2 in Shields
   988 | Ossuary  | Reached skill level 2 in Evocations
  1020 | Ossuary  | Reached * piety under Cheibriados
  1093 | Ossuary  | Reached XP level 7. HP: 47/52 MP: 0/15
  1099 | Ossuary  | Reached skill level 7 in Unarmed Combat
  1112 | Ossuary  | Reached skill level 2 in Conjurations
  1112 | Ossuary  | Reached skill level 2 in Hexes
  1112 | Ossuary  | Reached skill level 2 in Charms
  1112 | Ossuary  | Reached skill level 2 in Summonings
  1112 | Ossuary  | Reached skill level 2 in Necromancy
  1112 | Ossuary  | Reached skill level 2 in Translocations
  1112 | Ossuary  | Reached skill level 2 in Fire Magic
  1112 | Ossuary  | Reached skill level 2 in Ice Magic
  1112 | Ossuary  | Reached skill level 2 in Air Magic
  1112 | Ossuary  | Reached skill level 2 in Earth Magic
  1112 | Ossuary  | Reached skill level 2 in Poison Magic
  1148 | Ossuary  | Got a crude garnet amulet
  1192 | Ossuary  | Reached skill level 3 in Invocations
  1315 | D:5      | Entered Level 5 of the Dungeon
  1315 | D:5      | Noticed Duvessa
  1315 | D:5      | Noticed Dowan
  1341 | D:4      | Found Effourrey's Book Emporium.
  1412 | D:4      | Reached XP level 8. HP: 56/60 MP: 12/16
  1431 | D:4      | Found a burning altar of Makhleb.
  1535 | D:4      | Identified the amulet "Teirrum" {Spirit -Tele MR+ Str+3 Int+6} (You found it in an ossuary)
  1566 | D:4      | Killed Duvessa
  1566 | D:4      | Reached skill level 4 in Fighting
  1566 | D:4      | Reached skill level 3 in Short Blades
  1566 | D:4      | Reached skill level 3 in Long Blades
  1566 | D:4      | Reached skill level 3 in Axes
  1566 | D:4      | Reached skill level 3 in Maces & Flails
  1566 | D:4      | Reached skill level 3 in Polearms
  1566 | D:4      | Reached skill level 3 in Staves
  1566 | D:4      | Reached skill level 3 in Slings
  1566 | D:4      | Reached skill level 3 in Bows
  1566 | D:4      | Reached skill level 3 in Crossbows
  1566 | D:4      | Reached skill level 3 in Throwing
  1566 | D:4      | Reached skill level 3 in Armour
  1566 | D:4      | Reached skill level 3 in Stealth
  1566 | D:4      | Reached skill level 3 in Shields
  1566 | D:4      | Reached skill level 3 in Evocations
  1573 | D:4      | Killed Dowan
  1603 | D:5      | Reached skill level 6 in Spellcasting
  1606 | D:5      | Gained mutation: You are resistant to hostile enchantments. (MR+) [mutagenic meat]
  1607 | D:5      | Gained mutation: You are covered in fur. (AC +1) [mutagenic meat]
  1608 | D:5      | Gained mutation: You are partially covered in slimy green scales. (AC +2) [mutagenic meat]
  1609 | D:5      | Gained mutation: You are covered in thick fur. (AC +2) [mutagenic meat]
  1619 | D:5      | Reached ** piety under Cheibriados
  2046 | D:8      | Noticed a two-headed ogre
  2046 | D:8      | Noticed a two-headed ogre
  2057 | D:8      | Killed a two-headed ogre
  2057 | D:8      | Reached skill level 6 in Dodging
  2057 | D:8      | Reached skill level 3 in Conjurations
  2057 | D:8      | Reached skill level 3 in Hexes
  2057 | D:8      | Reached skill level 3 in Charms
  2057 | D:8      | Reached skill level 3 in Summonings
  2057 | D:8      | Reached skill level 3 in Necromancy
  2057 | D:8      | Reached skill level 3 in Translocations
  2057 | D:8      | Reached skill level 5 in Transmutations
  2057 | D:8      | Reached skill level 3 in Fire Magic
  2057 | D:8      | Reached skill level 3 in Ice Magic
  2057 | D:8      | Reached skill level 3 in Air Magic
  2057 | D:8      | Reached skill level 3 in Earth Magic
  2057 | D:8      | Reached skill level 3 in Poison Magic
  2057 | D:8      | Reached skill level 4 in Invocations
  2057 | D:8      | Reached XP level 9. HP: 17/66 MP: 14/18
  2110 | D:9      | Noticed a two-headed ogre
  2119 | D:9      | Noticed a two-headed ogre
  2121 | D:9      | Reached skill level 4 in Short Blades
  2121 | D:9      | Reached skill level 4 in Long Blades
  2121 | D:9      | Reached skill level 4 in Axes
  2121 | D:9      | Reached skill level 4 in Maces & Flails
  2121 | D:9      | Reached skill level 4 in Polearms
  2121 | D:9      | Reached skill level 4 in Staves
  2121 | D:9      | Reached skill level 4 in Slings
  2121 | D:9      | Reached skill level 4 in Bows
  2121 | D:9      | Reached skill level 4 in Crossbows
  2121 | D:9      | Reached skill level 4 in Throwing
  2121 | D:9      | Reached skill level 4 in Armour
  2121 | D:9      | Reached skill level 4 in Stealth
  2121 | D:9      | Reached skill level 4 in Shields
  2121 | D:9      | Reached skill level 4 in Evocations
  2153 | D:9      | Reached skill level 5 in Fighting
  2187 | D:9      | Killed a two-headed ogre
  2187 | D:9      | Reached skill level 8 in Unarmed Combat
  2187 | D:9      | Reached skill level 5 in Invocations
  2223 | D:9      | Reached XP level 10. HP: 60/74 MP: 16/20
  2230 | D:9      | Reached skill level 7 in Spellcasting
  2241 | D:9      | Reached skill level 4 in Conjurations
  2241 | D:9      | Reached skill level 4 in Hexes
  2241 | D:9      | Reached skill level 4 in Charms
  2241 | D:9      | Reached skill level 4 in Summonings
  2241 | D:9      | Reached skill level 4 in Necromancy
  2241 | D:9      | Reached skill level 4 in Translocations
  2241 | D:9      | Reached skill level 4 in Fire Magic
  2241 | D:9      | Reached skill level 4 in Ice Magic
  2241 | D:9      | Reached skill level 4 in Air Magic
  2241 | D:9      | Reached skill level 4 in Earth Magic
  2241 | D:9      | Reached skill level 4 in Poison Magic
  2248 | D:9      | Noticed a two-headed ogre
  2259 | D:9      | Killed a two-headed ogre
  2259 | D:9      | Reached *** piety under Cheibriados
  2259 | D:9      | Reached skill level 5 in Short Blades
  2259 | D:9      | Reached skill level 5 in Long Blades
  2259 | D:9      | Reached skill level 5 in Axes
  2259 | D:9      | Reached skill level 5 in Maces & Flails
  2259 | D:9      | Reached skill level 5 in Polearms
  2259 | D:9      | Reached skill level 5 in Staves
  2259 | D:9      | Reached skill level 5 in Slings
  2259 | D:9      | Reached skill level 5 in Bows
  2259 | D:9      | Reached skill level 5 in Crossbows
  2259 | D:9      | Reached skill level 5 in Throwing
  2259 | D:9      | Reached skill level 5 in Armour
  2259 | D:9      | Reached skill level 5 in Stealth
  2259 | D:9      | Reached skill level 5 in Shields
  2259 | D:9      | Reached skill level 5 in Evocations
  2307 | D:9      | Killed a two-headed ogre
  2307 | D:9      | Reached skill level 7 in Dodging
  2321 | D:9      | HP: 7/76 [yak (14)]
  2326 | D:9      | Reached skill level 6 in Fighting
  2435 | D:9      | Reached skill level 6 in Transmutations
  2435 | D:9      | Reached skill level 6 in Invocations
  2597 | D:10     | Entered Level 10 of the Dungeon
  2674 | D:11     | Noticed a two-headed ogre
  2686 | D:11     | Killed a two-headed ogre
  2686 | D:11     | Reached XP level 11. HP: 82/82 MP: 22/22
  2696 | D:11     | Learned a level 4 spell: Ice Form
  2702 | D:11     | Learned a level 5 spell: Blade Hands
  2778 | D:11     | Reached **** piety under Cheibriados
  2838 | D:11     | Found a frozen archway.
  2845 | D:11     | Noticed a cyan ugly thing
  2850 | D:11     | Killed a cyan ugly thing
  2888 | IceCv    | Entered an ice cave
  2888 | IceCv    | Noticed a white ugly thing
  2899 | IceCv    | Killed a white ugly thing
  2899 | IceCv    | Reached skill level 6 in Short Blades
  2899 | IceCv    | Reached skill level 6 in Long Blades
  2899 | IceCv    | Reached skill level 6 in Axes
  2899 | IceCv    | Reached skill level 6 in Maces & Flails
  2899 | IceCv    | Reached skill level 6 in Polearms
  2899 | IceCv    | Reached skill level 6 in Staves
  2899 | IceCv    | Reached skill level 6 in Slings
  2899 | IceCv    | Reached skill level 6 in Bows
  2899 | IceCv    | Reached skill level 6 in Crossbows
  2899 | IceCv    | Reached skill level 6 in Throwing
  2899 | IceCv    | Reached skill level 6 in Armour
  2899 | IceCv    | Reached skill level 6 in Stealth
  2899 | IceCv    | Reached skill level 6 in Shields
  2899 | IceCv    | Reached skill level 9 in Unarmed Combat
  2899 | IceCv    | Reached skill level 6 in Evocations
  2900 | IceCv    | Reached skill level 5 in Conjurations
  2900 | IceCv    | Reached skill level 5 in Hexes
  2900 | IceCv    | Reached skill level 5 in Charms
  2900 | IceCv    | Reached skill level 5 in Summonings
  2900 | IceCv    | Reached skill level 5 in Necromancy
  2900 | IceCv    | Reached skill level 5 in Translocations
  2900 | IceCv    | Reached skill level 5 in Fire Magic
  2900 | IceCv    | Reached skill level 5 in Ice Magic
  2900 | IceCv    | Reached skill level 5 in Air Magic
  2900 | IceCv    | Reached skill level 5 in Earth Magic
  2900 | IceCv    | Reached skill level 5 in Poison Magic
  2911 | IceCv    | Found a transporter.
  2932 | IceCv    | Noticed a white ugly thing
  2938 | IceCv    | Killed a white ugly thing
  2938 | IceCv    | Reached skill level 8 in Spellcasting
  2990 | D:11     | Noticed a four-headed hydra
  3016 | D:11     | Reached ***** piety under Cheibriados
  3063 | D:11     | Reached skill level 7 in Invocations
  3078 | D:10     | Killed an unseen horror
  3078 | D:10     | Reached skill level 7 in Fighting
  3078 | D:10     | Reached skill level 8 in Dodging
  3242 | D:8      | Learned a level 2 spell: Passwall
  3248 | D:8      | Learned a level 5 spell: Lee's Rapid Deconstruction
  3289 | D:8      | Noticed Prince Ribbit
  3299 | D:8      | Killed Prince Ribbit
  3387 | D:8      | Found an ornate altar of the Wu Jian Council.
  3414 | D:8      | Killed a two-headed ogre
  3414 | D:8      | Reached skill level 7 in Slings
  3469 | D:8      | Found a bloodstained altar of Trog.
  3469 | D:8      | Noticed a moth of wrath
  3488 | D:8      | Killed a moth of wrath
  3582 | D:10     | Noticed Grum
  3588 | D:10     | Reached XP level 12. HP: 76/91 MP: 18/24
  3588 | D:10     | Killed Grum
  4078 | D:12     | Noticed a tengu warrior
  4085 | D:12     | Reached skill level 7 in Transmutations
  4105 | D:12     | Killed a tengu warrior
  4109 | D:12     | Reached skill level 7 in Short Blades
  4109 | D:12     | Reached skill level 7 in Long Blades
  4109 | D:12     | Reached skill level 7 in Axes
  4109 | D:12     | Reached skill level 7 in Maces & Flails
  4109 | D:12     | Reached skill level 7 in Polearms
  4109 | D:12     | Reached skill level 7 in Staves
  4109 | D:12     | Reached skill level 7 in Bows
  4109 | D:12     | Reached skill level 7 in Crossbows
  4109 | D:12     | Reached skill level 7 in Throwing
  4109 | D:12     | Reached skill level 7 in Armour
  4109 | D:12     | Reached skill level 7 in Stealth
  4109 | D:12     | Reached skill level 7 in Shields
  4109 | D:12     | Reached skill level 7 in Evocations
  4129 | D:12     | Noticed Amnesiac's ghost (journeyman GnEE)
  4146 | D:12     | Killed Amnesiac's ghost
  4174 | D:12     | Found a staircase to the Orcish Mines.
  4199 | Orc:1    | Entered Level 1 of the Orcish Mines
  4201 | Orc:1    | Noticed an ettin
  4210 | Orc:1    | Killed an ettin
  4210 | Orc:1    | Reached skill level 8 in Slings
  4210 | Orc:1    | Reached skill level 6 in Conjurations
  4210 | Orc:1    | Reached skill level 6 in Hexes
  4210 | Orc:1    | Reached skill level 6 in Charms
  4210 | Orc:1    | Reached skill level 6 in Summonings
  4210 | Orc:1    | Reached skill level 6 in Necromancy
  4210 | Orc:1    | Reached skill level 6 in Translocations
  4210 | Orc:1    | Reached skill level 6 in Fire Magic
  4210 | Orc:1    | Reached skill level 6 in Ice Magic
  4210 | Orc:1    | Reached skill level 6 in Air Magic
  4210 | Orc:1    | Reached skill level 6 in Earth Magic
  4210 | Orc:1    | Reached skill level 6 in Poison Magic
  4256 | Orc:1    | Found a roughly hewn altar of Beogh.
  4440 | Orc:1    | Reached skill level 8 in Invocations
  4584 | Orc:2    | Entered Level 2 of the Orcish Mines
  4584 | Orc:2    | Found a staircase to the Elven Halls.
  4597 | Orc:2    | Reached skill level 9 in Spellcasting
  4851 | Orc:2    | Noticed Sonja
  4896 | Orc:2    | Reached ****** piety under Cheibriados
  4896 | Orc:2    | Reached skill level 8 in Fighting
  4896 | Orc:2    | Reached skill level 10 in Unarmed Combat
  4935 | Orc:2    | Reached skill level 9 in Dodging
  4992 | Orc:2    | Found Uremubin's Distillery.
  4992 | Orc:2    | Noticed Maurice
  4998 | Orc:2    | Reached XP level 13. HP: 55/98 MP: 19/26
  5003 | Orc:2    | Killed Maurice
  5003 | Orc:2    | Reached skill level 9 in Slings
  5042 | Orc:2    | Found a radiant altar of Vehumet.
  5069 | Orc:2    | Found Destriav's Gadget Boutique.
  5079 | Orc:2    | Bought a wand of iceblast (11) for 210 gold pieces
  5091 | Orc:2    | Found an ancient bone altar of Kikubaaqudgha.
  5149 | Orc:2    | Found a roughly hewn altar of Beogh.
  5149 | Orc:2    | Found Zihireun's Antique Weapon Shop.
  5153 | Orc:2    | Noticed an ogre mage
  5153 | Orc:2    | Reached skill level 8 in Short Blades
  5153 | Orc:2    | Reached skill level 8 in Long Blades
  5153 | Orc:2    | Reached skill level 8 in Axes
  5153 | Orc:2    | Reached skill level 8 in Maces & Flails
  5153 | Orc:2    | Reached skill level 8 in Polearms
  5153 | Orc:2    | Reached skill level 8 in Staves
  5153 | Orc:2    | Reached skill level 8 in Bows
  5153 | Orc:2    | Reached skill level 8 in Crossbows
  5153 | Orc:2    | Reached skill level 8 in Throwing
  5153 | Orc:2    | Reached skill level 8 in Armour
  5153 | Orc:2    | Reached skill level 8 in Stealth
  5153 | Orc:2    | Reached skill level 8 in Shields
  5153 | Orc:2    | Reached skill level 8 in Evocations
  5160 | Orc:2    | Found Ruisoamm's Gadget Shop.
  5168 | Orc:2    | Killed an ogre mage
  5211 | Orc:2    | Bought a wand of clouds (9) for 546 gold pieces
  5272 | Orc:2    | Killed Sonja
  5485 | D:6      | Noticed Grinder
  5491 | D:6      | Killed Grinder
  5513 | D:6      | Noticed Eustachio
  5520 | D:6      | Killed Eustachio
  5549 | D:6      | Noticed Pikel
  5552 | D:6      | Killed Pikel
  5552 | D:6      | Reached skill level 9 in Invocations
  5636 | D:4      | Bought a book of Callings for 420 gold pieces
  5641 | D:4      | Learned a level 4 spell: Summon Lightning Spire
  5890 | D:8      | Found a staircase to the Lair.
  5906 | D:8      | Learned a level 4 spell: Petrify
  5913 | Lair:1   | Entered Level 1 of the Lair of Beasts
  6067 | Lair:2   | Found a staircase to the Snake Pit.
  6134 | Lair:3   | Reached skill level 8 in Transmutations
  6200 | Lair:3   | Noticed Nergalle
  6210 | Lair:3   | Killed Nergalle
  6210 | Lair:3   | Reached skill level 10 in Slings
  6240 | Lair:3   | Reached skill level 7 in Conjurations
  6240 | Lair:3   | Reached skill level 7 in Hexes
  6240 | Lair:3   | Reached skill level 7 in Charms
  6240 | Lair:3   | Reached skill level 7 in Summonings
  6240 | Lair:3   | Reached skill level 7 in Necromancy
  6240 | Lair:3   | Reached skill level 7 in Translocations
  6240 | Lair:3   | Reached skill level 7 in Fire Magic
  6240 | Lair:3   | Reached skill level 7 in Ice Magic
  6240 | Lair:3   | Reached skill level 7 in Air Magic
  6240 | Lair:3   | Reached skill level 7 in Earth Magic
  6240 | Lair:3   | Reached skill level 7 in Poison Magic
  6256 | Lair:3   | Noticed Urug
  6267 | Lair:3   | Killed Urug
  6276 | Lair:3   | Found a staircase to the Shoals.
  6294 | Lair:3   | Learned a level 3 spell: Dazzling Spray
  6295 | Shoals:1 | Entered Level 1 of the Shoals
  6428 | Shoals:1 | Reached skill level 9 in Fighting
  6544 | Shoals:1 | Noticed a merfolk impaler
  6552 | Shoals:1 | Killed a merfolk impaler
  6582 | Shoals:1 | Reached skill level 10 in Spellcasting
  6673 | Shoals:3 | Reached XP level 14. HP: 96/108 MP: 28/28
  6725 | Shoals:2 | HP: 10/108 [satyr/arrow (23)]
  6778 | Shoals:2 | Reached skill level 10 in Dodging
  6883 | Shoals:2 | HP: 8/108 [water elemental (9)]
  6883 | Shoals:2 | Drowned by a drowned soul

Vault maps used:
D:1:      scummos_arrival_checkerplants, serial_forest,
          infiniplex_forest_straight_1, infiniplex_forest_clump_diagonal,
          infiniplex_forest_clump_curved, infiniplex_forest_fountain,
          infiniplex_forest_lined_1, infiniplex_forest_clump_medium,
          minmay_close_crescents
D:2:      marbit_many_paths, first_bread
D:3:      roderic_batcave, uniq_crazy_yiuf_cottage
D:4:      zin_statuary, lemuel_crystal_altar, minmay_temple_entry_grid,
          serial_shops, nicolae_shop_statue_plus, gup_ossuary_entry_pyramid,
          hangedman_decor_lopped
D:5:      lemuel_crystal_altar, uniq_duvessa
D:6:      uniq_grinder, uniq_eustachio, uniq_pikel
D:7:      lemuel_mausoleum_altar_yredelemnul
D:8:      tgw_trog, lemuel_doored_altar, lair_entry_dummy, uniq_prince_ribbit1
D:9:      cheibrodos_fzero
D:10:     uniq_grum
D:11:     portal_ice_cave_entry_pillars_2
D:12:     orc_0_dummy, uniq_harold
Temple:   regret_index_temple_generic_petals
Lair:1:   infiniplex_staircase_pool_2, grunt_megastairs_5, lemuel_fruit_tree
Lair:2:   guppyfry_snake_entry_garden
Lair:3:   elwin_shoals_entry_rocks, fungi_pond_lemuel, beast_lair_carwin_2,
          uniq_urug, uniq_snorg, uniq_nergalle
Lair:4:   minmay_holes, nicolae_quartered_pool_super
Orc:1:    basic_altar
Orc:2:    kennysheep_orc_mage_school, uniq_sonja, uniq_maurice
Ossuary:  ossuary_minmay_scorpions
IceCv:    ice_cave_statue_garden_teleport

Skill      XL: |  1  2  3  4  5  6  7  8  9 10 11 12 13 14 |
---------------+-------------------------------------------+-----
Spellcasting   | 5 6 7 8 9 10 | 10.2
Invocations    | 1 2 3 4 5 6 7 8 9 |  9.7
Short Blades   | 1 2 3 4 5 6 7 8 |  8.9
Long Blades    | 1 2 3 4 5 6 7 8 |  8.9
Axes           | 1 2 3 4 5 6 7 8 |  8.9
Maces & Flails | 1 2 3 4 5 6 7 8 |  8.9
Polearms       | 1 2 3 4 5 6 7 8 |  8.9
Staves         | 1 2 3 4 5 6 7 8 |  8.9
Slings         | 1 2 3 4 5 7 8 10 | 10.6
Bows           | 1 2 3 4 5 6 7 8 |  8.9
Crossbows      | 1 2 3 4 5 6 7 8 |  8.9
Throwing       | 1 2 3 4 5 6 7 8 |  8.9
Armour         | 1 2 3 4 5 6 7 8 |  8.9
Stealth        | 1 2 3 4 5 6 7 8 |  8.9
Shields        | 1 2 3 4 5 6 7 8 |  8.9
Evocations     | 1 2 3 4 5 6 7 8 |  8.9
Conjurations   | 1 2 3 4 5 6 7 |  7.4
Hexes          | 1 2 3 4 5 6 7 |  7.4
Charms         | 1 2 3 4 5 6 7 |  7.4
Summonings     | 1 2 3 4 5 6 7 |  7.4
Necromancy     | 1 2 3 4 5 6 7 |  7.4
Translocations | 1 2 3 4 5 6 7 |  7.4
Fire Magic     | 1 2 3 4 5 6 7 |  7.4
Ice Magic      | 1 2 3 4 5 6 7 |  7.4
Air Magic      | 1 2 3 4 5 6 7 |  7.4
Earth Magic    | 1 2 3 4 5 6 7 |  7.4
Poison Magic   | 1 2 3 4 5 6 7 |  7.4
Fighting       | 3 4 5 6 7 8 9 |  9.3
Transmutations | 4 5 6 7 8 |  8.4
Dodging        | 5 6 7 8 9 10 | 10.0
Unarmed Combat | 7 8 9 10 | 10.9

Action                   |  1- 3 |  4- 6 |  7- 9 | 10-12 | 13-15 || total
-------------------------+-------+-------+-------+-------+-------++-------
Melee: Unarmed           |    44 |    97 |   139 |   372 |   152 ||   804
       Headbutt          |     6 |       |       |       |       ||     6
       Bite              |     2 |     2 |     4 |    43 |    25 ||    76
       Dagger            |    23 |    12 |    19 |    19 |    12 ||    85
       Kick              |     2 |       |       |       |       ||     2
       Punch             |       |     2 |       |    22 |    14 ||    38
       Hand axe          |       |       |       |    48 |    34 ||    82
       Eveningstar       |       |       |       |       |     1 ||     1
Throw: Javelin           |       |       |       |       |     1 ||     1
       Tomahawk          |       |       |       |       |     1 ||     1
 Cast: Beastly Appendage |    11 |       |       |       |       ||    11
       Sticks to Snakes  |     2 |     5 |     2 |    18 |     4 ||    31
       Spider Form       |     2 |     9 |    18 |     8 |       ||    37
       Blade Hands       |       |       |       |    36 |    28 ||    64
       Passwall          |       |       |       |    13 |    16 ||    29
       Lee's Rapid Decon |       |       |       |     2 |       ||     2
       Ice Form          |       |       |       |     1 |       ||     1
       Summon Lightning  |       |       |       |       |    11 ||    11
Invok: Slouch            |       |       |       |     4 |     3 ||     7
       Bend Time         |       |       |       |     3 |       ||     3
 Abil: End Transformatio |       |       |       |     5 |     8 ||    13
Evoke: Wand              |       |       |     4 |     3 |    39 ||    46
  Use: Potion            |     3 |       |     1 |     4 |     1 ||     9
       Scroll            |       |       |    14 |    11 |    10 ||    35
 Stab: Sleeping          |     1 |     2 |       |    10 |     5 ||    18
       Distracted        |       |     1 |     2 |     1 |     5 ||     9
       Invisible         |       |       |       |     5 |       ||     5
       Paralysed         |       |       |       |     1 |     3 ||     4
  Eat: Royal jelly       |       |     1 |       |       |     1 ||     2
       Chunk             |       |       |     6 |     7 |     3 ||    16
       Fruit             |       |       |       |     1 |     1 ||     2
       Bread ration      |       |       |       |     1 |       ||     1
Armor: Robe              |     5 |       |     1 |     6 |       ||    12
       Skin              |       |       |     4 |    16 |       ||    20
       Animal skin       |       |       |       |    24 |       ||    24
       Troll leather arm |       |       |       |    16 |    80 ||    96
Dodge: Dodged            |    55 |    58 |   153 |   476 |   267 ||  1009

Table legend:
 A = Spawn XP
 B = Non-spawn XP
 C = Spawn XP percentage of total XP
 D = Spawn monster count
 E = Non-spawn monster count
 F = Spawn count percentage of total count
 G = Total turns spent on level
                    A         B        C        D         E        F      G
               +---------+---------+-------+---------+---------+-------+---------
         Total |       0 |   63138 |   0.0 |       0 |     420 |   0.0 |  6883
               +---------+---------+-------+---------+---------+-------+---------
           D:1 |       0 |      16 |   0.0 |       0 |       8 |   0.0 |   122
           D:2 |       0 |      19 |   0.0 |       0 |      11 |   0.0 |   311
           D:3 |       0 |      17 |   0.0 |       0 |       7 |   0.0 |    86
           D:4 |       0 |     473 |   0.0 |       0 |      11 |   0.0 |   600
           D:5 |       0 |     213 |   0.0 |       0 |       8 |   0.0 |   444
           D:6 |       0 |    1538 |   0.0 |       0 |      16 |   0.0 |   220
           D:7 |       0 |     156 |   0.0 |       0 |       2 |   0.0 |   161
           D:8 |       0 |    3395 |   0.0 |       0 |      27 |   0.0 |   429
           D:9 |       0 |    6191 |   0.0 |       0 |      39 |   0.0 |   650
          D:10 |       0 |    2738 |   0.0 |       0 |      30 |   0.0 |   392
          D:11 |       0 |    3372 |   0.0 |       0 |      35 |   0.0 |   507
          D:12 |       0 |    5314 |   0.0 |       0 |      24 |   0.0 |   288
        Lair:1 |       0 |     204 |   0.0 |       0 |       2 |   0.0 |    81
        Lair:2 |       0 |     745 |   0.0 |       0 |       6 |   0.0 |   126
        Lair:3 |       0 |    3940 |   0.0 |       0 |      13 |   0.0 |   173
      Shoals:1 |       0 |    5075 |   0.0 |       0 |      12 |   0.0 |   335
      Shoals:2 |       0 |    7728 |   0.0 |       0 |      15 |   0.0 |   204
      Shoals:3 |       0 |    2315 |   0.0 |       0 |       6 |   0.0 |    49
         Orc:1 |       0 |    3072 |   0.0 |       0 |      28 |   0.0 |   461
         Orc:2 |       0 |   12914 |   0.0 |       0 |      79 |   0.0 |   646
       Ossuary |       0 |     940 |   0.0 |       0 |      31 |   0.0 |   403
         IceCv |       0 |    2763 |   0.0 |       0 |      10 |   0.0 |    89
               +---------+---------+-------+---------+---------+-------+---------

Table legend:
 A = Turns spent in this place as a percentage of turns spent in the entire game.
 B = Non-inter-level travel turns spent in this place as a percentage of non-inter-level travel turns spent in the entire game.
 C = Inter-level travel turns spent in this place as a percentage of turns spent in this place.
 D = Turns resting spent in this place as a percentage of non-inter-level travel turns spent in this place.
 E = Turns spent auto-exploring this place as a percentage of non-inter-level travel turns spent in this place.
 F = Non-inter-level travel turns spent in this place divided by the number of levels of this place that you've seen.
                   A       B       C       D       E      F
               +-------+-------+-------+-------+-------+----------------------
         Total | 100.0 | 100.0 |   3.6 |   0.2 |   0.0 | 276.5
       Dungeon |  61.2 |  61.3 |   3.4 |   0.0 |   0.0 | 338.9
        Temple |   1.5 |   1.2 |  21.2 |   0.0 |   0.0 |  82.0
          Lair |   5.5 |   5.8 |   0.0 |   0.0 |   0.0 |  95.5
        Shoals |   8.5 |   8.9 |   0.0 |   1.7 |   0.0 | 196.0
  Orcish Mines |  16.1 |  15.4 |   7.5 |   0.0 |   0.0 | 512.0
       Ossuary |   5.9 |   6.1 |   0.0 |   0.0 |   0.0 | 403.0
      Ice Cave |   1.3 |   1.3 |   0.0 |   0.0 |   0.0 |  89.0
               +-------+-------+-------+-------+-------+----------------------

Table legend:
 A = Kills in this place as a percentage of kills in entire the game.
 B = Kills by you in this place as a percentage of kills by you in the entire game.
 C = Kills by friends in this place as a percentage of kills by friends in the entire game.
 D = Other kills in this place as a percentage of other kills in the entire game.
 E = Experience gained in this place as a percentage of experience gained in the entire game.
 F = Experience gained in this place divided by the number of levels of this place that you have seen.
                   A       B       C       D       E      F
               +-------+-------+-------+-------+-------+----------------------
         Total | 100.0 | 100.0 | 100.0 |   N/A | 100.0 | 2630.8
       Dungeon |  51.9 |  53.6 |  11.8 |   N/A |  37.1 | 1953.5
          Lair |   5.0 |   4.5 |  17.6 |   N/A |   7.7 | 1222.2
        Shoals |   7.9 |   6.7 |  35.3 |   N/A |  23.9 | 5039.3
  Orcish Mines |  25.5 |  25.3 |  29.4 |   N/A |  25.3 | 7993.0
       Ossuary |   7.4 |   7.4 |   5.9 |   N/A |   1.5 | 940.0
      Ice Cave |   2.4 |   2.5 |   0.0 |   N/A |   4.4 | 2763.0
               +-------+-------+-------+-------+-------+----------------------

Vault maps used:
D:1:      scummos_arrival_checkerplants, serial_forest,
          infiniplex_forest_straight_1, infiniplex_forest_clump_diagonal,
          infiniplex_forest_clump_curved, infiniplex_forest_fountain,
          infiniplex_forest_lined_1, infiniplex_forest_clump_medium,
          minmay_close_crescents
D:2:      marbit_many_paths, first_bread
D:3:      roderic_batcave, uniq_crazy_yiuf_cottage
D:4:      zin_statuary, lemuel_crystal_altar, minmay_temple_entry_grid,
          serial_shops, nicolae_shop_statue_plus, gup_ossuary_entry_pyramid,
          hangedman_decor_lopped
D:5:      lemuel_crystal_altar, uniq_duvessa
D:6:      uniq_grinder, uniq_eustachio, uniq_pikel
D:7:      lemuel_mausoleum_altar_yredelemnul
D:8:      tgw_trog, lemuel_doored_altar, lair_entry_dummy, uniq_prince_ribbit1
D:9:      cheibrodos_fzero
D:10:     uniq_grum
D:11:     portal_ice_cave_entry_pillars_2
D:12:     orc_0_dummy, uniq_harold
Temple:   regret_index_temple_generic_petals
Lair:1:   infiniplex_staircase_pool_2, grunt_megastairs_5, lemuel_fruit_tree
Lair:2:   guppyfry_snake_entry_garden
Lair:3:   elwin_shoals_entry_rocks, fungi_pond_lemuel, beast_lair_carwin_2,
          uniq_urug, uniq_snorg, uniq_nergalle
Lair:4:   minmay_holes, nicolae_quartered_pool_super
Orc:1:    basic_altar
Orc:2:    kennysheep_orc_mage_school, uniq_sonja, uniq_maurice
Ossuary:  ossuary_minmay_scorpions
IceCv:    ice_cave_statue_garden_teleport
